 Dungeon Crawl Stone Soup version 0.24.0-1-gfbc8707122 (webtiles) character file.

Game seed: 12988748396589968096, levelgen mode: deterministic

94 Aviak the Skirmisher (level 4, -4/40 HPs)
             Began as a Draconian Chaos Knight on Oct 26, 2019.
             Was a Plaything of Xom.
             Killed by nerve-wracking pain
             ... invoked by an orc priest
              (13 damage)
             ... on level 3 of the Dungeon.
             The game lasted 00:03:00 (2637 turns).

Aviak the Skirmisher (Draconian Chaos Knight)       Turns: 2637, Time: 00:03:00

Health: -4/40      AC:  5    Str: 14    XL:     4   Next: 38%
Magic:  4/4        EV: 10    Int: 13    God:    Xom [*.....]
Gold:   96         SH:  7    Dex: 11    Spells: 3/3 levels left

rFire    . . .     SeeInvis .   a - +0 spear (chaos)
rCold    . . .     Gourm    .   h - +0 shield
rNeg     . . .     Faith    .   (armour unavailable)
rPois    .         Spirit   .   (helmet restricted)
rElec    .         Reflect  .   (no cloak)
rCorr    .         Harm     .   (no gloves)
MR       .....                  (no boots)
Stlth    +.........             (no amulet)
HPRegen  0.13/turn              j - ring of wizardry
MPRegen  0.09/turn              (no ring)

@: flying
A: unfitting armour, cold-blooded, AC +5
a: Renounce Religion


You were on level 3 of the Dungeon.
You worshipped Xom.
You were a special plaything of Xom.
You were hungry.

You visited 1 branch of the dungeon, and saw 3 of its levels.

You collected 96 gold pieces.

Inventory:

Hand Weapons
 a - a +0 spear of chaos (weapon)
Armour
 h - a +0 shield (worn)
Jewellery
 j - a ring of wizardry (left hand)
Wands
 e - a wand of acid (4)
Scrolls
 d - 5 scrolls of remove curse {unknown}
 g - a scroll of teleportation {unknown}
 k - a scroll of enchant weapon {unknown}
 m - a scroll of identify {unknown}
Potions
 c - a potion of heal wounds {unknown}
 f - a potion of flight
 i - a potion of mutation {unknown}
 l - a potion of might {unknown}
 n - a potion of brilliance {unknown}
Comestibles
 b - 6 rations


   Skills:
 + Level 4.2 Fighting
 + Level 3.8 Polearms
 + Level 3.0 Dodging
 + Level 0.6 Shields


You had 3 spell levels left.
You didn't know any spells.
Your spell library was empty.

Dungeon Overview and Level Annotations

Branches:
Dungeon (3/15)

Altars:
Sif Muna
Xom


Innate Abilities, Weirdness & Mutations

Your plain brown scales are hard. (AC +5)
You cannot fit into any form of body armour.
You are cold-blooded and may be slowed by cold attacks.


Message History

You closely miss the orc priest.
The orc priest is lightly wounded.
The orc priest hits you.
You hit the orc priest. You freeze the orc priest.
The orc priest is severely wounded.
The orc priest hits you. You block the orc's attack.
Your orc zombie hits the orc priest with a +0 mace.
An orc comes into view. It is wielding a +0 mace.
The orc hits you with a +0 club.
* * * LOW HITPOINT WARNING * * *
The orc priest hits you.
* * * LOW HITPOINT WARNING * * *
Your orc zombie hits the orc priest with a +0 mace.
It was a potion of flight.
You feel very buoyant.
You fly up into the air.
Xom thinks this is hilarious!
The orc priest mumbles some strange prayers to Beogh against you.
Pain shoots through your body!
You die...

###### #####
#.....
#..)######
#..#.#
#.#@Z....#
##.###.
#.oo####.#
#..#... ##o##
#.######.#.#.
#o#
#.Z.Z..#....#
#.# #
######.#.#Z##
#o#
....####Z#<#.##
..#
#...........<
###
######.#.#.##
#.)....#


You could see an orc priest, 4 orcs and a friendly orc zombie.

Vanquished Creatures
  2 worms
  2 dart slugs
  2 leopard geckos
  5 orcs (D:3)
  11 bats
  3 giant cockroaches
  8 goblins
  6 hobgoblins
  11 jackals
  A ball python (D:3)
  A frilled lizard (D:2)
  8 kobolds
  4 rats
64 creatures vanquished.

Vanquished Creatures (collateral kills)
  An ooze (D:3)
1 creature vanquished.

Grand Total: 65 creatures vanquished

Notes
Turn   | Place    | Note
-------+----------+-------------------------------------------
     0 | D:1      | Aviak the Draconian Chaos Knight began the quest for the
                  | Orb.
     0 | D:1      | Reached XP level 1. HP: 19/19 MP: 1/1
   352 | D:1      | XOM: harmless Necr miscast
   508 | D:1      | Reached XP level 2. HP: 25/26 MP: 2/2
   519 | D:1      | XOM: cast spell 'Call Canine Familiar'
   985 | D:1      | Reached XP level 3. HP: 33/33 MP: 3/3
  1377 | D:2      | Reached skill level 4 in Fighting
  1544 | D:2      | XOM: scenery: create altars
  1723 | D:2      | XOM: noise
  1966 | D:2      | Found a shimmering blue altar of Sif Muna.
  2018 | D:2      | XOM: mild Chrm miscast
  2382 | D:3      | Reached XP level 4. HP: 40/40 MP: 4/4
  2398 | D:3      | XOM: summons 4 friendly demons
  2637 | D:3      | Killed from afar by an orc priest

Levels and vault maps discovered:
D:1:      evilmike_arrival_run_for_it, layout_basic, feat_on_display
D:2:      layout_loops_ring, lemuel_blue_sif_altar
D:3:      layout_loops_ring, minmay_misc_feat_tower, minmay_cut_off

Skill      XL: |  1  2  3  4 |
---------------+-------------+-----
Fighting       | 4 |  4.2
Dodging        | 3 |  3.0
Polearms       | |  3.8
Shields        | |  0.6

Action                   |  1- 3 |  4- 6 || total
-------------------------+-------+-------++-------
Melee: Spear             |   171 |    57 ||   228
       Tailslap          |    11 |     5 ||    16
  Use: Potion            |       |     1 ||     1
 Stab: Confused          |     2 |       ||     2
       Sleeping          |     3 |       ||     3
  Eat: Chunk             |     5 |       ||     5
Armor: Skin              |    45 |    13 ||    58
Dodge: Dodged            |    90 |    14 ||   104
Block: Shield            |    16 |    10 ||    26
